 Dungeon Crawl Stone Soup version bcrawl-1.21.3 (webtiles) character file.

Game seed: 12693514552730257903

475 funkygono the Magician (level 7, -6/41 HPs)
             Began as a Fairy Wizard on Apr 4, 2020.
             Mangled by Duvessa
             ... wielding a +0 short sword of protection
              (13 damage)
             ... on level 4 of the Dungeon.
             The game lasted 00:09:44 (2542 turns).

funkygono the Magician (Fairy Wizard)               Turns: 2542, Time: 00:09:44

Health: -6/41      AC:  8    Str:  5    XL:     7   Next: 10%
Magic:  19/19      EV: 16    Int: 24    God:
Gold:   136        SH:  5    Dex: 10    Spells: 16/20 levels left

rFire    . . .     SeeInvis .   a - +3 staff
rCold    . . .     Gourm    .   (shield currently unavailable)
rNeg     . . .     Faith    .   (armour unavailable)
rPois    .         Spirit   .   b - +1 hat
rElec    .         Reflect  .   j - +0 cloak (curse)
rCorr    .         Harm     .   (no gloves)
MR       .....                  l - +0 pair of boots
Stlth    +.........             (no amulet)
HPRegen  0.13/turn              (no ring)
MPRegen  0.16/turn              (no ring)

@: flying evasively
A: small, magic attunement, unstealthy, unfitting armour, able to fly, AC/SH +5
a: Stop Flying


You were on level 4 of the Dungeon.
You were hungry.

You visited 1 branch of the dungeon, and saw 4 of its levels.

You collected 136 gold pieces.

Inventory:

Hand Weapons
 a - a +3 staff (weapon)
Missiles
 c - 1059 stones (quivered)
Armour
 b - a +1 hat (worn)
 f - a +0 helmet
 j - a cursed +0 cloak (worn)
 l - a +0 pair of boots (worn)
Scrolls
 g - 5 scrolls of teleportation
 i - a scroll of identify
 k - 2 scrolls of fog
 n - 3 scrolls of amnesia
Potions
 d - 2 potions of brilliance
 h - a potion of cancellation
 m - a potion of mutation
 p - 2 potions of might
Comestibles
 e - 7 rations {!d}
 o - 4 chunks of flesh


   Skills:
 + Level 3.2 Dodging
 + Level 2.0 Stealth
 + Level 7.4 Spellcasting
 + Level 4.4 Conjurations
   Level 1.1 Summonings
   Level 1.1 Translocations
 + Level 1.0 Air Magic
 + Level 2.2 Poison Magic


You had 16 spell levels left.
You knew the following spells:

 Your Spells              Type           Power        Failure   Level  Hunger
a - Magic Dart            Conj           ####         1%          1    None
b - Mephitic Cloud        Conj/Pois/Air  ###.....     7%          3    None

Your spell library contained the following spells:

 Spells                   Type           Power        Failure   Level  Hunger
 Blink                    Tloc           N/A          7%          2    None
 Call Imp                 Summ           ##....       7%          2    None
 Conjure Flame            Conj/Fire      ###.....     9%          3    None
 Spider Form              Tmut/Pois      ##.          13%         3    None


Dungeon Overview and Level Annotations

Branches:
Dungeon (4/12)
 Temple: D:4-7

Altars:
Dithmenos
Fedhas
Kikubaaqudgha
Trog

Annotations:
D:4 Duvessa


Innate Abilities, Weirdness & Mutations

Your spells do not cause hunger and MP costs are reduced by 1.
Your bright wings attract enemies. (Stealth-)
You cannot fit into any form of body armour.
Your shimmering scales are hard and can block incoming attacks. (AC +5, SH +5)
You are small and have problems with some larger weapons.
You can fly continuously.


Message History

The magic dart hits Duvessa but does no damage.
Duvessa is lightly wounded.
Duvessa misses you. Duvessa barely misses you.
Casting: Magic Dart (safe; 1% risk of failure)
Confirm with . or Enter, or press ? or * to list all spells.
Aiming: Magic Dart (safe; 1% risk of failure)
Press: ? - help, Shift-Dir - straight line, f/p - Duvessa
Aim: Duvessa, wielding a +0 short sword of protection and wearing a +0 chain mail (lightly wounded, berserk, fast, unusually strong)
The magic dart hits Duvessa.
Duvessa is moderately wounded.
Duvessa hits you but does no damage.
Casting: Magic Dart (safe; 1% risk of failure)
Confirm with . or Enter, or press ? or * to list all spells.
Aiming: Magic Dart (safe; 1% risk of failure)
Press: ? - help, Shift-Dir - straight line, f/p - Duvessa
Aim: Duvessa, wielding a +0 short sword of protection and wearing a +0 chain mail (moderately wounded, berserk, fast, unusually strong)
The magic dart hits Duvessa but does no damage.
Duvessa is moderately wounded.
Duvessa hits you with a +0 short sword of protection!
You die...

.#.....#..# ##.####..
..........# ##..##....
.........# ##..#......
#.......###### ##.........#
#...)..##....#####
##.........##
##.....#.........#
##........###
#...............###........##
##.............e#.รท.##......#
#..#..........@..######.....#
#.###..........### ###.... #..
###...%...## ##... #.
##.....## ## .. e........#
..........# ...........#
...........# #..........#


You could see Duvessa (berserk).

Vanquished Creatures
  A phantom (D:3)
  An ogre (D:4)
  Dowan (D:4)
  A scorpion (D:4)
  A jelly (D:4)
  2 hounds
  2 worker ants
  A hound skeleton (D:4)
  An ooze (D:3)
  A worm (D:4)
  A dart slug (D:2)
  4 leopard geckos
  2 orcs (D:3)
  A ball python (D:2)
  3 bats (D:3)
  A giant cockroach (D:2)
  4 goblins
  4 hobgoblins
  A jackal (D:3)
  5 quokkas
  4 frilled lizards
  3 kobolds (D:2)
  4 rats
49 creatures vanquished.

Notes
Turn   | Place    | Note
-------+----------+-------------------------------------------
     0 | D:1      | funkygono the Fairy Wizard began the quest for the Orb.
     0 | D:1      | Reached XP level 1. HP: 11/11 MP: 7/7
   233 | D:1      | Reached XP level 2. HP: 17/17 MP: 9/9
   612 | D:2      | Reached skill level 5 in Spellcasting
   612 | D:2      | Reached XP level 3. HP: 20/21 MP: 9/11
   770 | D:2      | Found a shadowy altar of Dithmenos.
   949 | D:2      | Learned a level 3 spell: Mephitic Cloud
   980 | D:2      | Found a bloodstained altar of Trog.
  1058 | D:2      | Reached XP level 4. HP: 27/27 MP: 10/13
  1455 | D:3      | Noticed a phantom
  1488 | D:3      | Killed a phantom
  1488 | D:3      | Reached skill level 6 in Spellcasting
  1488 | D:3      | Reached XP level 5. HP: 25/31 MP: 13/15
  1719 | D:3      | Found a blossoming altar of Fedhas.
  1722 | D:3      | Found an ancient bone altar of Kikubaaqudgha.
  2054 | D:4      | Noticed an ogre
  2062 | D:4      | Killed an ogre
  2062 | D:4      | Reached skill level 1 in Poison Magic
  2062 | D:4      | Reached XP level 6. HP: 36/36 MP: 13/17
  2185 | D:4      | Reached skill level 1 in Air Magic
  2430 | D:4      | Reached skill level 7 in Spellcasting
  2445 | D:4      | Noticed Duvessa
  2445 | D:4      | Noticed Dowan
  2510 | D:4      | Killed Dowan
  2510 | D:4      | Reached XP level 7. HP: 23/41 MP: 19/19
  2542 | D:4      | Mangled by Duvessa

Skill      XL: |  1  2  3  4  5  6 |
---------------+-------------------+-----
Spellcasting   | 5 6 7 |  7.4
Dodging        | 3 |  3.2
Conjurations   | 3 4 |  4.4
Stealth        | 2 |  2.0
Poison Magic   | 1 2 |  2.2
Air Magic      | 1 |  1.0
Summonings     | |  1.1
Translocations | |  1.1

Action                   |  1- 3 |  4- 6 |  7- 9 || total
-------------------------+-------+-------+-------++-------
 Cast: Magic Dart        |    63 |   135 |     9 ||   207
       Mephitic Cloud    |     1 |    11 |       ||    12
  Use: Scroll            |     8 |     5 |       ||    13
  Eat: Chunk             |       |     4 |       ||     4
Armor: Skin              |     2 |     8 |     1 ||    11
Dodge: Dodged            |     9 |    45 |     8 ||    62
Block: Other             |     2 |     6 |     1 ||     9
